 Dungeon Crawl Stone Soup version 0.31-a0-263-ge8cad7f256 (webtiles) character file.

Game seed: 15154902805758801192

16 Iniera the Sneak (level 2, -2/19 HPs)
             Began as a Vampire Venom Mage on July 13, 2023.
             Succumbed to Sigmund's poison
             ... on level 1 of the Dungeon.
             The game lasted 00:02:26 (875 turns).

Iniera the Sneak (Vampire Venom Mage)                Turns: 875, Time: 00:02:27

Health: -2/19      AC:  4    Str:  7    XL:     2   Next: 41%
Magic:  1/5        EV: 12    Int: 17    God:
Gold:   65         SH:  0    Dex: 14    Spells: 2/5 levels left

rFire   . . .        e - +0 rapier
rCold   . . .        (no shield)
rNeg    . . .        a - +0 robe
rPois   .            i - +0 helmet
rElec   .            (no cloak)
rCorr   .            c - +0 pair of gloves
SInv    +            (no boots)
Will    .....        (no amulet)
Stlth   ++           (no ring)
HPRegen 0.43/turn    (no ring)
MPRegen 0.09/turn

%: no passive effects
@: lethally poisoned (-2 -> -15), healing quickly
A: alive, fangs 3, see invisible, vampiric 1
a: Exsanguinate


You were on level 1 of the Dungeon.
You visited 1 branch of the dungeon, and saw 2 of its levels.

You collected 65 gold pieces.

Inventory:

Hand Weapons
 e - a +0 rapier (weapon)
Armour
 a - a +0 robe (worn)
 c - a +0 pair of gloves (worn)
 i - a +0 helmet (worn)
Potions
 b - a potion of magic
 f - a potion of mutation {unknown}
 g - a potion of might {unknown}
 h - a potion of attraction {unknown}
 j - a potion of degeneration {unknown}


   Skills:
 - Level 2.1 Dodging
 - Level 3.0 Stealth
 + Level 2.2 Spellcasting
 + Level 0.4 Conjurations
 + Level 1.5 Transmutations
 + Level 0.7 Air Magic
 + Level 2.8 Poison Magic


You had 2 spell levels left.
You knew the following spells:

 Your Spells              Type           Power      Damage    Failure   Level
a - Sting                 Tmut/Pois      36%        1d4       8%          1
b - Poisonous Vapours     Pois/Air       14%        N/A       14%         2

Your spell library contained the following spells:

 Spells                   Type           Power      Damage    Failure   Level
 Mephitic Cloud           Conj/Pois/Air  6%         N/A       32%         3
 Olgreb's Toxic Radiance  Pois           11%        N/A       50%         4


Dungeon Overview and Level Annotations

Branches:
Dungeon (2/15)

Altars:

Annotations:
D:2 Sigmund


Innate Abilities, Weirdness & Mutations

Your natural rate of healing is accelerated.
You have razor-sharp teeth.
You have supernaturally acute eyesight. (SInv)
You are afflicted with vampirism.


Message History

There is a stone staircase leading up here.
Casting: Sting (safe; 8% risk of failure)
Confirm with . or Enter, or press ? or * to list all spells.
Aiming: Poisonous Vapours (safe; 14% risk of failure)
Press: ? - help, Dir - move target, f - Sigmund
Aim: Sigmund, wielding a +6 scythe of venom and wearing a +0 robe (asleep) Poisonous vapours surround Sigmund!
Sigmund is poisoned.
Sigmund shouts!
Sigmund gestures wildly while chanting.
Sigmund flickers and vanishes for a moment.
There is a stone staircase leading up here.
Casting: Poisonous Vapours (safe; 14% risk of failure)
Confirm with . or Enter, or press ? or * to list all spells.
Aiming: Poisonous Vapours (safe; 14% risk of failure)
Press: ? - help, Dir - move target, f/p - Sigmund
Aim: Sigmund, wielding a +6 scythe of venom and wearing a +0 robe (lightly wounded, slightly transparent, poisoned) Poisonous vapours surround Sigmund!
Sigmund looks even sicker.
Sigmund says, "Now you see me, now you don't..."
Casting: Poisonous Vapours (safe; 14% risk of failure)
Confirm with . or Enter, or press ? or * to list all spells.
You don't have enough magic to cast this spell.
Unknown command.
You aren't carrying any items that you can evoke.
Unknown command.
A worm comes into view.
There is a stone staircase leading up here.
There is a stone staircase leading up here.
Casting: Poisonous Vapours (safe; 14% risk of failure)
Confirm with . or Enter, or press ? or * to list all spells.
Aiming: Sting (safe; 8% risk of failure)
Press: ? - help, Shift-Dir - straight line, f/p - Sigmund
Aim: Sigmund, wielding a +6 scythe of venom and wearing a +0 robe (heavily wounded, slightly transparent, very poisoned, 64% to hit)
The sting misses Sigmund.
Sigmund hits you from afar with a +6 scythe of venom!
Ouch! That really hurt!
You are lethally poisoned!
Unknown command.
* * * LOW HITPOINT WARNING * * *
You feel very sick.
You climb upwards.
You die...

......................#
........######.#.##...#
......................#
......................###
~≈~~~≈~~~≈~~~~~~~~≈~~...#
≈≈≈~~≈≈≈≈≈≈≈≈≈≈≈≈≈≈≈≈...#
≈≈≈≈≈≈≈≈≈≈≈≈≈≈≈≈≈≈≈≈~...#
≈#+#+#≈≈≈≈≈≈≈#'#+#≈≈~...#
≈'...##+###'##..@'≈≈~...#
≈'...'.......'...'≈≈~...#
~#+###.#####.###+#≈≈~...#
≈≈≈+...#...#...#≈≈≈~....#
≈≈≈#.###...'.⌠.'≈~≈..⌠..#
≈≈≈#.###.<.'.⌠.'~~~..⌠..#
≈≈≈'...#...#...#≈≈≈~....#
≈#'###.#####.#'#'#≈≈~...#
≈'...#.......#...'≈≈~...#


There were no monsters in sight!

Vanquished Creatures
  2 endoplasms
  A goblin (D:1)
  4 hobgoblins (D:1)
  A quokka (D:1)
  A ball python (D:1)
  A bat (D:1)
  2 frilled lizards (D:1)
  2 kobolds (D:1)
  2 rats (D:1)
16 creatures vanquished.

Notes
Turn   | Place    | Note
-------+----------+-------------------------------------------
     0 | D:1      | Iniera the Vampire Venom Mage began the quest for the Orb.
     0 | D:1      | Reached XP level 1. HP: 13/13 MP: 3/3
   354 | D:1      | Reached XP level 2. HP: 19/19 MP: 5/5
   853 | D:2      | Noticed Sigmund
   862 | D:2      | Learned a level 2 spell: Poisonous Vapours
   875 | D:1      | Succumbed to Sigmund's poison

Illustrated notes

Levels and vault maps discovered:
D:1:      dpeg_arrival_castle, layout_rooms
D:2:      layout_basic, minmay_pentomino_v4, uniq_crazy_yiuf_cottage,
          uniq_natasha, uniq_sigmund

Action                     || total
---------------------------++-------
  Melee: Rapier            ||    28
         Unarmed           ||     3
         Bite              ||     3
   Cast: Sting             ||    16
         Poisonous Vapours ||     2
    Use: Scroll            ||     5
   Stab: Sleeping          ||     3
 Armour: Robe              ||    20
  Dodge: Dodged            ||    38

Table legend: (Time is in decaauts)
 A = Elapsed time spent in this place.
 B = Non-inter-level travel time spent in this place.
 C = Inter-level travel time spent in this place.
 D = Time resting spent in this place.
 E = Time spent auto-exploring this place.
 F = Levels seen in this place.
 G = Mean time per level.
                   A        B        C        D        E       F      G
               +--------+--------+--------+--------+--------+-----+--------+
         Total |    883 |    855 |     28 |    127 |    555 |   2 |  441.5 |
       Dungeon |    883 |    855 |     28 |    127 |    555 |   2 |  441.5 |
               +--------+--------+--------+--------+--------+-----+--------+

Top non-repeatable levels by time:
     D:1: 836 daAuts
     D:2: 47 daAuts
